AoeStats
← Privilege

African Clearing

506849630Analyzed
4v4 RM · 17d ago on Sep 15, 2026· 63m 38s· 8 players
Game mode
Random Map
Map size
Large (8 player)
Population
200
Speed
Normal
Resources
Standard
Victory
Conquest
Starting age
Dark Age
Ending age
Imperial Age
RankedLock teamsTeams togetherTeam positionsShared explorationLock speedFull tech treeHidden civsTurbo modeCheats
Victory
Defeat
🇨🇳 Wei · China
1542
+16
🇯🇵 Magyars · Japan
1504
+17
🇨🇳 Maya · China
1499
+18
🇨🇳 Huns · China
1458
+19
🇨🇳 Saracens · China
1681
-23
🇨🇳 Wu · China
1583
-20
1498
-16
🇮🇳 Chinese · India
1377
-11
SaKuRuaba Ema
13:52 Feudal Age
13:25 Loom
14:55 Double-Bit Axe
17:37 Castle Age
15:51 Fishing Lines
16:37 Gold Mining
19:01 Bow Saw
18:42 Gillnets
19:49 Wheelbarrow
20:48 Fletching
21:01 Town Watch
23:26 Padded Archer Armor
26:02 Bodkin Arrow
27:42 Ballistics
27:11 Horse Collar
29:05 Red Cliffs Tactics
31:35 Leather Archer Armor
31:51 Stone Mining
37:42 Sanctity
38:04 Hand Cart
39:36 Heavy Plow
41:06 Gold Shaft Mining
41:09 Stone Shaft Mining
43:35 Imperial Age
41:08 Squires
41:12 Pikeman
41:53 Scale Mail Armor
42:03 Forging
43:33 Chain Mail Armor
43:30 Murder Holes
43:39 Halberdier
44:50 Plate Mail Armor
44:43 Conscription
44:29 Bracer
45:34 Coinage
45:10 Arson
46:28 Iron Casting
47:35 Sitting Tiger
49:22 Banking
53:25 Scale Barding Armor
55:10 Blast Furnace
58:02 Guilds
58:16 Chain Barding Armor
Privilege
10:31 Loom
12:16 Feudal Age
16:31 Castle Age
15:42 Fletching
30:06 Bodkin Arrow
30:20 Devotion
31:20 Herbal Medicine
48:16 Wheelbarrow
52:23 Town Watch
53:59 Horse Collar
60:29 Imperial Age
59:04 Bloodlines
58:54 Husbandry
59:15 Light Cavalry
61:11 Hussar
62:07 Scale Barding Armor
63:11 Chain Barding Armor
Lyrachord
2:48 Loom
13:13 Feudal Age
14:10 Town Watch
16:58 Castle Age
17:04 Bloodlines
17:07 Forging
17:51 Scale Barding Armor
17:45 Light Cavalry
18:40 Husbandry
20:07 Wheelbarrow
23:26 Chain Barding Armor
25:47 Iron Casting
28:17 Bloodlines
28:41 Double-Bit Axe
30:46 Scale Mail Armor
43:47 Fletching
44:27 Bow Saw
43:59 Horse Collar
45:08 Hand Cart
44:55 Town Patrol
48:24 Imperial Age
46:07 Squires
46:19 Stone Mining
46:19 Gold Mining
47:51 Bodkin Arrow
47:57 Padded Archer Armor
48:49 Gold Shaft Mining
48:27 Capped Ram
49:15 Bracer
49:30 Leather Archer Armor
50:32 Two-Man Saw
51:03 Chemistry
50:23 Ballistics
50:15 Masonry
49:53 Siege Ram
50:04 Elite Chu Ko Nu
50:38 Arson
51:13 Caravan
51:54 Conscription
51:53 Pikeman
53:00 Halberdier
55:13 Ring Archer Armor
54:59 Chain Mail Armor
55:45 Blast Furnace
56:15 Architecture
55:19 Elite Skirmisher
56:04 Thumb Ring
57:20 Plate Barding Armor
58:13 Plate Mail Armor
57:57 Heavy Scorpion
60:16 Rocketry
正在以雷霆之姿草飞啊这的老冯
13:14 Feudal Age
13:09 Loom
16:55 Castle Age
15:37 Double-Bit Axe
17:44 Fletching
23:57 Bodkin Arrow
25:27 Padded Archer Armor
27:31 Horse Collar
31:52 Wheelbarrow
32:21 Ballistics
37:00 Imperial Age
34:54 Scale Mail Armor
35:25 Forging
36:11 Gold Mining
36:41 Chain Mail Armor
37:02 Iron Casting
36:43 Eagle Warrior
37:23 Squires
37:08 Arson
38:05 Conscription
38:17 Bracer
38:16 Elite Eagle Warrior
38:57 Stone Mining
40:37 Holcans
41:28 Plate Mail Armor
42:33 Blast Furnace
45:55 Bracer
45:59 Capped Ram
47:36 Siege Ram
52:14 Hand Cart
52:14 Town Watch
58:07 Leather Archer Armor
58:06 Heavy Scorpion
桐原冬子
8:48 Loom
11:59 Feudal Age
12:01 Man-at-Arms
13:52 Arson
23:24 Castle Age
27:42 Double-Bit Axe
30:09 Horse Collar
32:01 Wheelbarrow
38:23 Hand Cart
39:53 Scale Barding Armor
42:21 Imperial Age
40:56 Husbandry
41:09 Bloodlines
40:21 Light Cavalry
41:53 Bow Saw
42:20 Chain Barding Armor
44:00 Plate Barding Armor
43:24 Hussar
46:42 Fletching
48:15 Town Watch
54:53 Caravan
55:14 Gold Mining
56:53 Conscription
56:53 Cavalier
59:25 Corvinian Army
59:41 Elite Magyar Huszar
60:56 Stone Mining
62:34 Sappers
随之任之
12:55 Feudal Age
11:11 Loom
16:51 Castle Age
15:06 Double-Bit Axe
27:12 Gold Mining
28:43 Scale Barding Armor
31:20 Wheelbarrow
31:12 Bow Saw
34:22 Hand Cart
33:52 Town Watch
34:27 Bloodlines
34:48 Husbandry
38:06 Horse Collar
43:03 Imperial Age
44:07 Fletching
45:22 Gold Shaft Mining
44:10 Crossbowman
45:18 Parthian Tactics
44:59 Thumb Ring
44:51 Bodkin Arrow
46:00 Bracer
47:31 Ballistics
48:21 Padded Archer Armor
50:05 Chemistry
50:10 Elite Tiger Cavalry
51:11 Conscription
51:48 Leather Archer Armor
52:00 Masonry
56:45 Coinage
57:00 Light Cavalry
58:00 Chain Barding Armor
58:00 Heavy Plow
57:52 Stone Mining
59:16 Banking
58:48 Caravan
Cusi Yupanqui
9:01 Loom
14:47 Feudal Age
15:18 Double-Bit Axe
18:17 Castle Age
16:11 Fishing Lines
18:03 Wheelbarrow
20:16 Bow Saw
19:58 Town Watch
21:55 Gold Mining
24:57 Fletching
26:16 Bodkin Arrow
27:27 Bloodlines
28:16 Husbandry
28:46 Horse Collar
30:34 Padded Archer Armor
32:19 Leather Archer Armor
32:37 Ballistics
35:09 Gold Shaft Mining
36:08 Heavy Plow
36:52 Thumb Ring
42:34 Imperial Age
40:17 Stone Mining
43:17 Bracer
44:19 Chemistry
42:49 Heavy Cavalry Archer
46:12 Conscription
47:11 Parthian Tactics
55:45 Two-Man Saw
56:08 Hand Cart
58:14 Masonry
58:00 Murder Holes
58:23 Guilds
59:42 Caravan
62:51 Scale Barding Armor
李清然
9:30 Loom
12:44 Feudal Age
13:52 Double-Bit Axe
16:55 Castle Age
16:35 Town Watch
17:47 Bow Saw
19:14 Fletching
22:57 Bodkin Arrow
24:07 Padded Archer Armor
26:14 Thumb Ring
27:32 Ballistics
31:12 Horse Collar
33:31 Leather Archer Armor
35:51 Squires
36:36 Wheelbarrow
41:23 Imperial Age
38:31 Elite Skirmisher
39:20 Scale Mail Armor
38:55 Eagle Warrior
40:25 Chain Mail Armor
43:03 Bracer
44:07 Plate Mail Armor
45:46 Hand Cart
46:10 Ring Archer Armor
45:51 Forging
46:06 Conscription
45:08 Elite Plumed Archer
45:57 Gold Mining
46:15 Heavy Plow
47:52 Chemistry
47:52 Elite Eagle Warrior
50:07 Holcans
50:06 Capped Ram
50:40 Arson
51:04 Hul'che Javelineers
53:27 Crop Rotation
53:58 Two-Man Saw
52:31 Siege Ram
54:23 Coinage
54:04 Guilds
54:33 Iron Casting
56:21 Caravan
57:23 Hoardings
57:21 Banking
59:48 Pikeman
Connection lost

Rejoining the realm…

Still unreachable

The connection could not be restored.

Session expired

The server has moved on; the page needs a fresh start.